[Event "NED-ch U20 Youth 2019"]
[Site "Assen"]
[Date "2019.04.28"]
[Round "1.1"]
[White "Van Foreest, Machteld"]
[Black "Warmerdam, Max"]
[Result "0-1"]
[ECO "A59"]
[WhiteElo "2065"]
[BlackElo "2472"]
[Annotator "RC"]
[PlyCount "56"]
[EventDate "2019.04.28"]
[EventType "swiss"]
[EventCountry "NED"]
[SourceTitle "playchess.com"]
[Source "ChessBase"]
[SourceQuality "1"]
[TimeControl "40/5400+30:1800+30"]

1. d4 Nf6 2. c4 c5 3. d5 b5 4. cxb5 a6 5. bxa6 g6 6. Nc3 Bxa6 7. e4 Bxf1 8. Kxf1 d6 9. Nf3 Bg7 10. g3 O-O 11. Kg2 Nbd7 12. Re1 Ra6 13. Qe2 Qa8 14. Bf4 Ng4 15. Bg5 Rb8 16. a4 Kf8 17. Nd2 h6 18. Qxg4 Ne5 19. Bxe7+ Kxe7 20. Qe2 Rxb2 21. Rab1 Rab6 22. Rxb2 Rxb2 23. Rb1 Rc2 24. Nd1 Qxa4 25. Ne3 Rxd2 26. Rb7+ Ke8 27. Qxd2 Qxe4+ 28. Kh3 Nf3 0-1

[Event "NED-ch U20 Youth 2019"]
[Site "Assen"]
[Date "2019.04.28"]
[Round "1.3"]
[White "Gijsen, William"]
[Black "De Boer, Eelke"]
[Result "0-1"]
[ECO "B92"]
[WhiteElo "2041"]
[BlackElo "2338"]
[Annotator "NA"]
[PlyCount "70"]
[EventDate "2019.04.28"]
[EventType "swiss"]
[EventCountry "NED"]
[SourceTitle "playchess.com"]
[Source "ChessBase"]
[SourceQuality "1"]
[TimeControl "40/5400+30:1800+30"]

1. e4 c5 2. Nf3 d6 3. d4 cxd4 4. Nxd4 Nf6 5. Nc3 a6 6. Be3 e5 7. Nb3 Be6 8. Be2 Be7 9. O-O Nbd7 10. f4 Rc8 {[%emt 0:00:38] B92: Sicilian Najdorf: 6 Be2} (10... exf4 11. Bxf4 Ne5 12. Qe1 O-O 13. Kh1 Re8 14. Rd1 Nfd7 15. Nc5 dxc5 16. Bxe5 Qb6 17. Bf4 Bf6 18. b3 Qb4 19. Nd5 Qxe1 20. Rfxe1 Bxd5 21. exd5 {0-1 (52) Efremov,A (2564)-Schmidt,M (2581) ICCF email 2015}) 11. f5 Bc4 12. Bxc4 Rxc4 13. Nd2 Rc8 14. Qf3 b5 15. a3 a5 $146 ({Predecessor:} 15... Nc5 16. Rad1 Na4 17. Nxa4 bxa4 {½-½ (54) Kalata,P (2187)-Tatarko,T (1970) Slovakia 2019}) 16. Nxb5 Rc6 17. c3 Rxc3 18. Rac1 Rxc1 19. Rxc1 O-O 20. Na7 Nb8 21. Nc8 Qd7 22. Nxe7+ Qxe7 23. g4 Qb7 24. g5 Nfd7 25. f6 Rc8 26. Rf1 g6 27. Qh3 $17 Nf8 28. Rb1 Ne6 29. Qf3 Nc6 30. h4 Ncd4 31. Bxd4 Nxd4 32. Qd3 Qd7 33. Kf2 Qg4 34. Rg1 Qf4+ 35. Kg2 Rc2 0-1

[Event "NED-ch U20 Youth 2019"]
[Site "Assen"]
[Date "2019.04.28"]
[Round "1.4"]
[White "Halfhide, Sebastian"]
[Black "Van Hoorn, Geert"]
[Result "1-0"]
[ECO "A05"]
[WhiteElo "2274"]
[BlackElo "1965"]
[Annotator "NA"]
[PlyCount "123"]
[EventDate "2019.04.28"]
[EventType "swiss"]
[EventCountry "NED"]
[SourceTitle "playchess.com"]
[Source "ChessBase"]
[SourceQuality "1"]
[TimeControl "40/5400+30:1800+30"]

1. e4 c5 2. Nf3 d6 3. g3 g6 4. Bg2 Bg7 5. O-O Nf6 6. d3 O-O 7. c3 Nc6 8. a3 Rb8 {[%emt 0:02:13] A05: Réti Opening: 1 Nf3 Nf6} 9. b4 c4 $146 ({Predecessor:} 9... b5 10. Re1 Bg4 11. h3 Bxf3 12. Bxf3 Nd7 13. Bg2 Qc7 14. Be3 a5 15. bxc5 Nxc5 16. Ra2 {0-1 (52) Ivanisevic,I (2638)-Kryakvin,D (2560) Minsk 2017}) 10. dxc4 Nxe4 11. Bb2 Nf6 12. Nbd2 Be6 13. Nd4 Nxd4 14. cxd4 d5 15. c5 Qd7 16. Re1 Qb5 17. Bf1 Qd7 18. b5 Rfe8 19. Rc1 Bh3 20. Bd3 Nh5 21. Nb3 f6 22. c6 bxc6 23. Rxc6 e5 24. Nc5 Qf7 25. a4 e4 26. Be2 f5 27. Bxh5 gxh5 28. Qc1 f4 29. Qxf4 Qxf4 30. gxf4 Rf8 31. Re3 Bf5 32. Rb3 Kh8 33. Rc7 Bh6 34. Bc1 Ra8 35. Rc6 Bg7 36. Be3 Bh3 37. Bc1 Bg4 38. h3 Bf3 39. Be3 Rg8 40. Kf1 Bf8 41. f5 Bg2+ 42. Ke2 Bxh3 43. f6 Bg4+ 44. Kd2 h4 45. Bf4 h3 46. Ne6 Rg6 47. Nxf8 Rxf8 48. Be5 h5 49. a5 Kh7 50. b6 axb6 51. axb6 e3+ 52. Kxe3 h2 53. Bxh2 Rgxf6 54. Rxf6 Rxf6 55. Bf4 Bc8 56. b7 $18 Bxb7 57. Rxb7+ Kg6 58. Rd7 Rf5 59. Rd6+ Kg7 60. Be5+ Kh7 61. Rxd5 h4 62. Rd8 1-0

[Event "NED-ch U20 Youth 2019"]
[Site "Assen"]
[Date "2019.04.28"]
[Round "1.5"]
[White "Emans, Job"]
[Black "Mesman, Edwyn"]
[Result "0-1"]
[ECO "D87"]
[WhiteElo "1945"]
[BlackElo "2224"]
[Annotator "NA"]
[PlyCount "102"]
[EventDate "2019.04.28"]
[EventType "swiss"]
[EventCountry "NED"]
[SourceTitle "playchess.com"]
[Source "ChessBase"]
[SourceQuality "1"]
[TimeControl "40/5400+30:1800+30"]

1. d4 Nf6 2. c4 g6 3. Nc3 d5 4. cxd5 Nxd5 5. e4 Nxc3 6. bxc3 Bg7 7. Bc4 c5 8. Ne2 Nc6 9. Be3 O-O 10. O-O Bg4 11. f3 Bd7 12. Rb1 Qc7 13. Bd3 {[%emt 0:19:39] [#] D87: Exchange Grünfeld: Classical Line: Variations without ...cxd4} Rab8 $146 ({Predecessor:} 13... Rfd8 14. Qd2 a6 15. f4 e6 16. dxc5 Na5 17. Nd4 e5 18. fxe5 Qxe5 19. Qb2 Rac8 20. Qb4 Qxc5 21. Qxc5 Rxc5 {0-1 (48) Nakamura,H (2758)-Svidler,P (2755) Moscow 2011}) 14. Qd2 Rfc8 15. Rfc1 Na5 16. Bh6 Bh8 17. Bf4 e5 18. Bg3 c4 19. Bc2 Re8 20. Rd1 Rbd8 21. Bh4 Rb8 22. dxe5 Be6 23. f4 Bg4 24. h3 Bxe2 25. Qxe2 b5 26. Rd5 a6 27. Rbd1 Nb7 28. Qf2 Bg7 29. Kh1 Qc6 30. Qd4 Bf8 31. Bf6 a5 32. f5 Nc5 33. Qe3 b4 34. Rd6 Qc7 35. R1d5 Rec8 36. Qg5 b3 37. Bb1 b2 38. Rd8 Rxd8 39. Bxd8 Qc6 40. Qd2 a4 41. Rd4 Nd3 42. e6 fxe6 43. fxg6 e5 44. gxh7+ Kxh7 45. Rd5 Rb7 46. Qg5 Rf7 47. Qh5+ Kg8 48. Kh2 $19 Qh6 49. Qg4+ Rg7 50. Qe2 Nf4 51. Qxb2 Rxg2+ 0-1

[Event "NED-ch U20 Youth 2019"]
[Site "Assen"]
[Date "2019.04.28"]
[Round "1.6"]
[White "Van Dael, Siem"]
[Black "Van Doren, Bas"]
[Result "1-0"]
[ECO "A31"]
[WhiteElo "2206"]
[BlackElo "1945"]
[Annotator "NA"]
[PlyCount "71"]
[EventDate "2019.04.28"]
[EventType "swiss"]
[EventCountry "NED"]
[SourceTitle "playchess.com"]
[Source "ChessBase"]
[SourceQuality "1"]
[TimeControl "40/5400+30:1800+30"]

1. e4 c5 2. Nf3 e6 3. d4 cxd4 4. Nxd4 a6 5. c4 Nf6 6. Nc3 Qc7 7. a3 b6 8. Be3 Bb7 9. f3 d6 10. Qd2 Nbd7 11. Rc1 Be7 12. Be2 O-O 13. O-O Rac8 14. b4 Qb8 15. Rfd1 Bd8 16. Nb3 Bc7 {[%emt 0:01:08] A31: Symmetrical English: 2 Nf3 Nf6 3 d4} 17. Kh1 Rfe8 18. Bf4 Ne5 (18... d5 19. Bxc7 Rxc7 20. cxd5 exd5 21. exd5 Nxd5 22. Nxd5 Bxd5 23. Nd4 b5 24. Bf1 Rxc1 25. Rxc1 {½-½ (40) Yu,Y (2738)-Karthikeyan,M (2578) Moscow 2017}) 19. Bxe5 dxe5 20. c5 b5 21. a4 bxa4 22. Nxa4 Bc6 23. Nb2 Bb5 24. Bxb5 Qxb5 {[%emt 0:01:09] [#]} 25. Nc4 $146 ({Predecessor:} 25. Qc3) 25... Rb8 26. Nd6 Bxd6 27. cxd6 Nd7 28. Nc5 $2 ({White should try} 28. Na5 $18) 28... Red8 29. Nxd7 Rxd7 30. Rc5 Qb6 31. Qc3 $11 f6 32. Rc6 Qxb4 33. Rc8+ Kf7 34. Qc6 Rbb7 35. Rb8 Qb5 36. Qxb7 1-0

[Event "NED-ch U20 Youth 2019"]
[Site "Assen"]
[Date "2019.04.28"]
[Round "1.7"]
[White "Ghebreab, Elnathan"]
[Black "Van Randtwijk, Mick"]
[Result "1-0"]
[ECO "B23"]
[WhiteElo "1882"]
[BlackElo "2168"]
[Annotator "NA"]
[PlyCount "89"]
[EventDate "2019.04.28"]
[EventType "swiss"]
[EventCountry "NED"]
[SourceTitle "playchess.com"]
[Source "ChessBase"]
[SourceQuality "1"]
[TimeControl "40/5400+30:1800+30"]

1. e4 c5 2. Nc3 d6 3. f4 g6 4. Nf3 Bg7 5. Bc4 Nc6 6. O-O e6 7. d4 cxd4 8. Nb5 Nge7 9. Bb3 O-O 10. Nbxd4 a6 11. Be3 Qc7 12. Qe1 d5 13. Nxc6 bxc6 14. Bc5 dxe4 15. Ne5 Rd8 16. Qxe4 Bb7 $18 ({Black should try} 16... a5 $14) 17. Nxf7 Re8 18. Nd6 Nd5 19. Nxe8 Rxe8 20. Bd4 Bf8 21. Bxd5 cxd5 22. Qe5 Qxe5 23. fxe5 Rc8 24. c3 a5 25. b3 Ba3 26. Rf6 Rc6 27. Raf1 Be7 28. Rf7 Rc7 29. g4 Bc6 30. R7f3 Rb7 31. Kg2 Rb8 32. Kg3 g5 33. Be3 Be8 34. h4 gxh4+ 35. Kh3 Bg6 36. Bd4 Bg5 37. Be3 Be7 38. Bd4 Bg5 39. Bc5 Rb5 40. Bd6 a4 41. Rf8+ Kg7 42. Ra8 Bd3 43. Rff8 Bh6 44. Ra7+ Kg6 45. Rg8+ 1-0

[Event "NED-ch U20 Youth 2019"]
[Site "Assen"]
[Date "2019.04.28"]
[Round "1.8"]
[White "Elgersma, Simon"]
[Black "Achuthan, Dylan"]
[Result "1-0"]
[ECO "B30"]
[WhiteElo "2137"]
[BlackElo "1863"]
[Annotator "NA"]
[PlyCount "93"]
[EventDate "2019.04.28"]
[EventType "swiss"]
[EventCountry "NED"]
[SourceTitle "playchess.com"]
[Source "ChessBase"]
[SourceQuality "1"]
[TimeControl "40/5400+30:1800+30"]

1. e4 c5 2. Nf3 Nc6 3. Bb5 e6 4. O-O Nge7 5. Re1 a6 6. Bxc6 Nxc6 7. d4 cxd4 8. Nxd4 Qc7 9. Nxc6 bxc6 10. Nc3 Be7 $11 11. e5 c5 12. Qg4 Bb7 13. Ne4 Qxe5 14. Bf4 h5 15. Qf3 Bxe4 16. Rxe4 Qd5 17. Rd1 Qc6 18. Qe2 g6 19. Be5 Rh7 20. c4 Rd8 21. Rf4 d6 22. Bc3 Bg5 23. Rf3 Be7 24. a3 Rd7 25. b4 cxb4 26. axb4 Rc7 27. b5 Qxc4 28. Qxc4 Rxc4 29. bxa6 e5 30. a7 Rc8 31. Rb1 Kd7 32. Rb7+ Ke6 33. Rb8 Rhh8 34. a8=Q Rxb8 35. Qa2+ d5 36. Qa6+ Kd7 37. g3 d4 38. Rxf7 dxc3 39. Qa7+ Kc6 40. Rxe7 Rhc8 41. Qa6+ Kc5 42. Rxe5+ Kb4 43. Qa2 c2 44. Qb2+ Ka4 45. Re4+ Ka5 46. Qa2+ Kb5 47. Qb3+ 1-0

[Event "NED-ch U20 Youth 2019"]
[Site "Assen"]
[Date "2019.04.28"]
[Round "1.9"]
[White "Ypma, Jord"]
[Black "Van Roon, Sjoerd"]
[Result "1-0"]
[ECO "D35"]
[WhiteElo "1854"]
[BlackElo "2115"]
[Annotator "NA"]
[PlyCount "71"]
[EventDate "2019.04.28"]
[EventType "swiss"]
[EventCountry "NED"]
[SourceTitle "playchess.com"]
[Source "ChessBase"]
[SourceQuality "1"]
[TimeControl "40/5400+30:1800+30"]

1. d4 Nf6 2. c4 e6 3. Nc3 d5 4. cxd5 exd5 5. Bg5 Be7 6. e3 Be6 7. Bd3 O-O 8. Nge2 Nbd7 {[%emt 0:03:42] D35: Queen's Gambit Declined: Exchange Variation} 9. O-O h6 (9... c5 10. Nf4 h6 11. Nxe6 fxe6 12. Bh4 a6 13. dxc5 Nxc5 14. Bc2 Rc8 15. Qe2 b5 16. Rad1 {½-½ (32) Enchev,I (2437)-Dimitrov,R (2445) Kozloduy 2014}) 10. Bh4 Rb8 $146 ({Predecessor:} 10... Re8 11. Nf4 c6 12. Nxe6 fxe6 13. Qf3 Nh7 14. Bg3 Ndf6 15. Bg6 Rf8 16. Be5 Bd6 {½-½ (27) Juptner,J (2322)-Dvorak,J (2144) Czech Republic 2016}) 11. f3 c5 12. Qd2 c4 13. Bc2 b5 14. a3 a5 15. Bg3 Rb7 16. e4 b4 17. axb4 axb4 18. Nd1 Nb6 19. e5 Nfd7 20. f4 f5 21. Ne3 Qc7 22. Qe1 Ra7 23. Rxa7 Qxa7 24. Bh4 Nb8 25. Bxe7 $18 Qxe7 26. g4 fxg4 27. f5 Qg5 28. Nf4 Bc8 29. Ng6 Re8 30. f6 Be6 31. Nf5 gxf6 32. exf6 Bf7 33. Nfe7+ Rxe7 34. Qxe7 g3 35. Qf8+ Kh7 36. Qh8# 1-0

[Event "NED-ch U20 Youth 2019"]
[Site "Assen"]
[Date "2019.04.28"]
[Round "1.10"]
[White "Pols, Wiggert"]
[Black "Van Aken, Jelmer"]
[Result "1-0"]
[ECO "E06"]
[WhiteElo "2104"]
[BlackElo "1698"]
[Annotator "NA"]
[PlyCount "23"]
[EventDate "2019.04.28"]
[EventType "swiss"]
[EventCountry "NED"]
[SourceTitle "playchess.com"]
[Source "ChessBase"]
[SourceQuality "1"]
[TimeControl "40/5400+30:1800+30"]

1. Nf3 Nf6 2. g3 d5 3. Bg2 e6 4. O-O Be7 5. d4 O-O 6. c4 c6 7. Qc2 b6 8. cxd5 cxd5 9. Bf4 Ba6 10. Ne5 Nbd7 11. Qc6 Rc8 12. Qa4 1-0

[Event "NED-ch U20 Youth 2019"]
[Site "Assen"]
[Date "2019.04.29"]
[Round "2.7"]
[White "Van Roon, Sjoerd"]
[Black "Emans, Job"]
[Result "1-0"]
[ECO "C54"]
[WhiteElo "2115"]
[BlackElo "1945"]
[Annotator "NA RC"]
[PlyCount "95"]
[EventDate "2019.04.28"]
[EventType "swiss"]
[EventCountry "NED"]
[SourceTitle "playchess.com"]
[Source "ChessBase"]
[SourceQuality "1"]
[TimeControl "40/5400+30:1800+30"]

1. e4 e5 2. Nf3 Nc6 3. Bc4 Bc5 4. c3 Nf6 5. d3 a6 6. a4 {[%emt 0:00:14] C54: Giuoco Piano: 4 c3 Nf6, main lines with 5 d4 and 5 d3} d6 7. Nbd2 a5 8. O-O O-O 9. h3 Be6 10. Re1 h6 11. Nf1 $146 ({Predecessor:} 11. Qb3 Qd7 12. Bxe6 fxe6 13. Nf1 Nh5 {½-½ (43) Nepomniachtchi,I (2757)-Grischuk,A (2766) chess.com INT 2018}) 11... Bxc4 12. dxc4 Ne7 13. Ng3 Qd7 14. Nh4 Kh7 15. Be3 Bxe3 16. Rxe3 g6 17. Nf3 Qc6 18. Nd2 Nd7 19. Qc2 Nc5 20. Rf3 Ne6 21. h4 Nf4 22. b3 Qd7 23. h5 Qg4 24. Ndf1 gxh5 25. Ne3 Qg5 26. Ne2 Rg8 27. Rg3 Qh4 28. Nxf4 $15 exf4 29. Rxg8 Rxg8 30. e5+ Kh8 31. Qe4 Qg5 32. exd6 cxd6 33. Nd5 Nc6 34. Nxf4 f5 35. Qe3 h4 36. Kh1 Rg7 37. Rg1 Re7 38. Qc1 Re4 39. Nh3 Qg7 40. Qd2 Qf6 41. Rd1 Kg7 42. f3 Re7 43. Nf4 Qg5 44. Qxd6 Kh7 45. Nd5 h3 46. gxh3 Rf7 47. Rg1 Qh5 48. Qg3 1-0

[Event "NED-ch U20 Youth 2019"]
[Site "Assen"]
[Date "2019.04.29"]
[Round "2.8"]
[White "Van Doren, Bas"]
[Black "Van Foreest, Machteld"]
[Result "0-1"]
[ECO "C52"]
[WhiteElo "1945"]
[BlackElo "2065"]
[Annotator "NA RC"]
[PlyCount "52"]
[EventDate "2019.04.28"]
[EventType "swiss"]
[EventCountry "NED"]
[SourceTitle "playchess.com"]
[Source "ChessBase"]
[SourceQuality "1"]
[TimeControl "40/5400+30:1800+30"]

1. e4 e5 2. Nf3 Nc6 3. Bc4 Bc5 4. b4 Bxb4 5. c3 Ba5 6. d4 b5 {[%emt 0:00:00] C52: Evans Gambit Accepted: 5 c3 Ba5} (6... d6 7. Qb3 Qd7 8. O-O Bb6 9. Bb5 a6 10. Ba4 Ba7 11. Na3 Nge7 12. d5 b5 13. Nxb5 axb5 14. Bxb5 O-O 15. dxc6 Qg4 16. Qc2 {0-1 (48) Li,C (2751)-Ding,L (2766) Huaian 2016}) 7. Bxb5 Nxd4 8. Nxd4 exd4 9. O-O Ne7 10. cxd4 O-O 11. d5 $146 ({Predecessor:} 11. Ba3 Rb8 12. Bc4 d6 13. Nd2 c6 14. Rc1 {1-0 (27) Bruedigam,M (2408)-Boettcher,P (2150) Berlin 2016}) 11... Rb8 12. Bc4 Ng6 13. Ba3 Re8 14. d6 (14. Nd2 $11 {keeps the balance.}) 14... Qf6 ({Don't play} 14... Rxe4 $6 15. Bxf7+ Kh8 16. dxc7 $14) 15. Nd2 cxd6 16. e5 $2 (16. Nf3 $11 {and White is okay.}) 16... Nxe5 17. Ne4 Qg6 18. Bd5 Ba6 19. Nxd6 Bxf1 20. Qxf1 {[%emt 0:04:42] [#]} Rf8 $1 21. Be4 Qf6 22. Nb7 Bb6 23. Bxf8 Kxf8 24. a4 $2 (24. Rb1) 24... Ng4 25. Ra2 {[%emt 0:00:34] [#]} Qf4 $1 26. Qc4 Bxf2+ 0-1

[Event "NED-ch U20 Youth 2019"]
[Site "Assen"]
[Date "2019.04.29"]
[Round "2.9"]
[White "Reichardt, Robin"]
[Black "Achuthan, Dylan"]
[Result "*"]
[ECO "D90"]
[WhiteElo "2061"]
[BlackElo "1863"]
[Annotator "NA RC"]
[PlyCount "82"]
[EventDate "2019.04.28"]
[EventType "swiss"]
[EventCountry "NED"]
[SourceTitle "playchess.com"]
[Source "ChessBase"]
[SourceQuality "1"]
[TimeControl "40/5400+30:1800+30"]

1. d4 Nf6 2. c4 g6 3. Nf3 Bg7 4. Nc3 d5 5. h4 h6 (5... c6 6. cxd5 cxd5 7. Bf4 O-O 8. e3 Nc6 9. Qb3 Na5 10. Qa3 Nc6 11. Qb3 Na5 12. Qa3 Nc6 {½-½ (34) Swiercz,D (2655)-Nepomniachtchi,I (2771) Astana 2019}) 6. Bf4 {[%emt 0:07:18] D90: Grünfeld: 4 Nf3 Bg7 sidelines} O-O 7. e3 $146 ({Predecessor:} 7. Qd2 h5 8. cxd5 Nxd5 9. Bh6 Nxc3 10. Bxg7 Kxg7 11. Qxc3 Bf5 12. Rd1 Qd5 {1-0 (25) Krzyzanowski,M (2491)-Sapale,S (2187) Zadar 2018}) 7... c5 8. dxc5 Ne4 9. Nxe4 (9. Be5 $11 Nxc3 10. Bxc3 (10. bxc3 dxc4 11. Qxd8 Rxd8 $11)) 9... dxe4 10. Qxd8 Rxd8 11. Bxb8 (11. Ne5 $142) 11... exf3 ({Don't play} 11... Rxb8 12. Nd4 $15) (11... Bxb2 $142 12. Bc7 Rd7) 12. Bc7 Rd7 13. Ba5 Bxb2 (13... b6 $5 14. Bc3 Bxc3+ 15. bxc3 Bb7 16. gxf3 Bxf3 $17) 14. Rb1 Bf6 15. gxf3 b6 16. Bg2 Bb7 ({And not} 16... bxa5 17. f4 $16) 17. cxb6 axb6 18. Bxb6 Bc3+ 19. Kf1 $11 Rxa2 20. Kg1 Rdd2 21. e4 Bc6 22. Be3 Rdc2 23. Rd1 Be5 24. c5 Bg3 25. Rf1 Bb5 26. Rc1 Bxf2+ 27. Kh2 Bxe3 28. Rxc2 Rxc2 29. Kg3 Bxc5 30. Rb1 Bd3 31. Rb8+ Kg7 32. Rb3 Bc4 33. Rb7 Bd6+ 34. f4 Bd3 35. Bf3 Rc3 36. Kf2 Bxf4 37. Rxe7 Rc2+ 38. Kg1 Be3+ 39. Kh1 Bf1 40. Rd7 Rf2 41. Bd1 Bg2+ *

[Event "NED-ch U20 Youth 2019"]
[Site "Assen"]
[Date "2019.04.29"]
[Round "2.10"]
[White "Van Aken, Jelmer"]
[Black "Gijsen, William"]
[Result "0-1"]
[ECO "B40"]
[WhiteElo "1698"]
[BlackElo "2041"]
[Annotator "NA RC"]
[PlyCount "63"]
[EventDate "2019.04.28"]
[EventType "swiss"]
[EventCountry "NED"]
[SourceTitle "playchess.com"]
[Source "ChessBase"]
[SourceQuality "1"]
[TimeControl "40/5400+30:1800+30"]

1. e4 c5 2. Nf3 e6 3. d4 cxd4 4. Nxd4 Nf6 5. Nc3 Bb4 6. e5 Nd5 7. Bd2 Nxc3 {[%emt 0:02:45] B40: Sicilian: 2...e6, Unusual lines} (7... Bxc3 8. bxc3 O-O 9. Bd3 d6 10. exd6 Qxd6 11. O-O Bd7 12. Rb1 Na6 13. Bxa6 Qxa6 14. Qf3 Rac8 15. Rfc1 b6 16. Qd3 Qc4 {0-1 (34) Ragger,M (2687)-Jobava,B (2627) St Petersburg 2018}) 8. Bxc3 Bxc3+ 9. bxc3 Qc7 10. Nb5 Qxe5+ 11. Qe2 Qxe2+ 12. Bxe2 Na6 13. Nd6+ $146 ({Predecessor:} 13. Bf3 O-O 14. Nd6 Rb8 15. O-O {0-1 (43) Vaut,A-Averhoff,N Hamburg 1989}) 13... Ke7 14. O-O-O Nc5 15. Rd4 b6 16. Rhd1 Rb8 17. Bf3 Rd8 18. Rf4 f6 19. g4 Bb7 20. Bxb7 Nxb7 21. Rfd4 Nxd6 22. Rxd6 Rbc8 23. Kb2 Rc6 24. Rxc6 dxc6 25. Rxd8 Kxd8 26. f4 Kd7 27. c4 Kd6 28. Kc3 Kc5 29. a3 a5 30. Kd3 b5 31. cxb5 Kxb5 32. Kd4 $19 0-1

[Event "NED-ch U20 Youth 2019"]
[Site "Assen"]
[Date "2019.04.30"]
[Round "3.1"]
[White "Vrolijk, Liam"]
[Black "Ghebreab, Elnathan"]
[Result "1-0"]
[ECO "E65"]
[WhiteElo "2465"]
[BlackElo "1882"]
[Annotator "ChessBase"]
[PlyCount "55"]
[EventDate "2019.04.28"]
[EventType "swiss"]
[EventCountry "NED"]
[SourceTitle "playchess.com"]
[Source "ChessBase"]
[SourceQuality "1"]
[TimeControl "40/5400+30:1800+30"]

1. c4 Nf6 2. Nc3 g6 3. g3 Bg7 4. Bg2 O-O 5. d4 d6 6. Nf3 c5 7. O-O Bd7 8. dxc5 dxc5 9. Ne5 Nc6 10. Nxc6 Bxc6 11. Bxc6 Qxd1 12. Rxd1 bxc6 13. Be3 Rab8 14. Rab1 Ng4 15. Bxc5 Bxc3 16. bxc3 a5 17. Bxe7 Rxb1 18. Rxb1 Re8 19. Rb7 c5 20. f3 Ne3 21. Bxc5 Nxc4 22. Kf2 Rd8 23. Bd4 Rc8 24. a4 Nd6 25. Rb6 Nc4 26. Rb5 h5 27. e4 Kh7 28. Ke2 1-0

[Event "NED-ch U20 Youth 2019"]
[Site "Assen"]
[Date "2019.04.30"]
[Round "3.3"]
[White "Ypma, Jord"]
[Black "De Boer, Eelke"]
[Result "0-1"]
[ECO "E63"]
[WhiteElo "1854"]
[BlackElo "2338"]
[Annotator "NA"]
[PlyCount "130"]
[EventDate "2019.04.28"]
[EventType "swiss"]
[EventCountry "NED"]
[SourceTitle "playchess.com"]
[Source "ChessBase"]
[SourceQuality "1"]
[TimeControl "40/5400+30:1800+30"]

1. d4 Nf6 2. c4 g6 3. g3 Bg7 4. Bg2 O-O 5. Nc3 d6 6. Nf3 Nc6 7. O-O a6 8. h3 Bd7 9. e4 e5 10. dxe5 dxe5 11. Be3 {[%emt 0:01:35] E63: King's Indian: Fianchetto: Panno Variation with 7...a6} Qc8 (11... Be6 12. Qa4 h6 13. Rad1 Qb8 14. Rfe1 Rd8 15. c5 Qa7 16. b4 Rac8 17. a3 Qb8 18. Qc2 Rxd1 19. Rxd1 {0-1 (58) Khismatullin,D (2634)-Fedoseev,V (2707) Satka 2018}) 12. Kh2 Be6 13. b3 Rd8 14. Qc1 {[%emt 0:03:07] [#]} b6 $146 ({Predecessor:} 14... a5 15. Ng5 Nd4 16. f4 Nh5 17. Bxd4 Rxd4 18. f5 gxf5 19. exf5 {1-0 (31) Cmilyte,V (2470)-Arakhamia Grant,K (2506) St Petersburg 2009}) 15. Ng5 Nd4 16. Nd5 Nxd5 17. cxd5 Bd7 18. Qd2 (18. Bxd4 $5 exd4 19. f4 $14) 18... c5 19. Bxd4 cxd4 20. f4 f6 21. Nf3 Qc7 ({Better is} 21... Bh6 $15) 22. fxe5 fxe5 23. Qg5 Qd6 24. Nd2 b5 25. a3 ({White should play} 25. Nf3 $15) 25... Rdc8 26. Nf3 Rc3 27. b4 a5 28. bxa5 h6 29. Qd2 Rxa5 30. Nh4 Raxa3 31. Rxa3 Rxa3 32. Qf2 Be8 33. Rc1 Ra8 34. Bf1 Bd7 35. Qb2 g5 36. Ng2 Qg6 37. Bd3 Qh5 38. h4 Qg4 39. Bxb5 Bxb5 40. Qxb5 Qxe4 41. Qc4 Qg6 42. d6+ Qf7 43. Qb5 Rd8 44. Rc7 Qe6 45. d7 Bf6 46. Qb7 e4 47. Rc6 $15 Qe7 48. Rxf6 Qxf6 49. Qxe4 Kf7 50. Ne1 Rxd7 51. hxg5 hxg5 52. Nf3 Kg7 53. Qg4 Rd5 54. Qe4 Rd8 55. Kg2 d3 56. Nd2 Rd7 57. Qg4 Re7 58. Ne4 Qc6 59. Qxg5+ Kf8 60. Qf4+ Ke8 61. Qb8+ Kd7 62. Qa7+ Ke6 63. Qa2+ Kf5 64. Qa5+ Kxe4 65. Qh5 Kd4+ 0-1

[Event "NED-ch U20 Youth 2019"]
[Site "Assen"]
[Date "2019.04.30"]
[Round "3.4"]
[White "Van Dael, Siem"]
[Black "Mesman, Edwyn"]
[Result "1/2-1/2"]
[ECO "B15"]
[WhiteElo "2206"]
[BlackElo "2224"]
[Annotator "NA"]
[PlyCount "159"]
[EventDate "2019.04.28"]
[EventType "swiss"]
[EventCountry "NED"]
[SourceTitle "playchess.com"]
[Source "ChessBase"]
[SourceQuality "1"]
[TimeControl "40/5400+30:1800+30"]

1. e4 c6 2. Nc3 d5 3. d4 dxe4 4. Nxe4 Nf6 5. Nxf6+ exf6 6. c3 Bd6 7. Bd3 O-O 8. Qc2 Re8+ {[%emt 0:00:03] B15: Caro-Kann: 3 Nc3: 3...g6 and 3...dxe4 4 Nxe4 Nf6 5 Nxf6+ exf6} 9. Ne2 (9. Be3 h6 10. Ne2 Na6 11. O-O Nc7 12. c4 Bg4 13. h3 Bxe2 14. Bxe2 Ne6 15. Rad1 Qc7 16. Bg4 Rad8 17. Rfe1 Bf4 18. Bxf4 Nxf4 19. Rxe8+ Rxe8 {½-½ (58) Svidler,P (2756)-Carlsen,M (2839) Porto Carras 2018}) 9... h5 10. Be3 Nd7 11. O-O-O Nf8 12. Ng3 g6 13. Ne4 Be6 14. Kb1 Be7 15. h4 Qd5 $146 ({Predecessor:} 15... b5 16. f3 f5 17. Ng5 Bxg5 18. Bxg5 Qd5 19. b3 a5 20. Bh6 Kh7 21. Bxf8 {½-½ (21) Marosi,L (2325)-Buzas,B (2213) Zalakaros 2018}) 16. c4 Qd8 17. Nc3 Rc8 18. Qb3 b5 19. d5 $1 bxc4 20. Bxc4 cxd5 $1 21. Nxd5 Qa5 $2 {[%emt 0:01:26] [#]} (21... Kg7 $11) 22. Nxe7+ (22. Qb5 $1 $16 Qxb5 23. Bxb5) 22... Rxe7 23. Bxe6 Nxe6 24. Rd5 Qa6 $1 25. Qd3 Qa4 26. g3 Rec7 27. Rd1 Kg7 28. f4 Nc5 $11 29. Qd4 Qxd4 30. R5xd4 Re8 31. Bd2 Ne4 32. Ba5 Rb7 33. Rd7 Rxd7 34. Rxd7 Nxg3 35. Rxa7 g5 36. fxg5 fxg5 37. hxg5 h4 38. Bc7 Kg6 39. b4 Ne4 40. a4 Nc3+ 41. Kb2 Nd5 42. Bd6 Re6 43. Bc5 h3 44. Ra8 Kxg5 45. Rd8 Nf4 46. Rd1 Kg4 47. b5 h2 48. Rh1 Kg3 49. Bg1 hxg1=Q 50. Rxg1+ Kh4 51. Rf1 Kg4 52. Kb3 f5 53. a5 Nd5 54. Rd1 Ne3 55. Rg1+ Kh3 56. b6 Re5 57. Ka4 Rxa5+ 58. Kxa5 Nc4+ 59. Kb5 Nxb6 60. Rf1 Nd5 61. Rxf5 Nc3+ 62. Kc4 Ne4 63. Kd4 Ng3 64. Rg5 Kh4 65. Rg8 Nh5 66. Ke5 Ng3 67. Rg7 Nh5 68. Rg6 Kh3 69. Ke4 Ng3+ 70. Kf3 Nh5 71. Rg4 Nf6 72. Rg5 Kh4 73. Rf5 Nh5 74. Re5 Ng3 75. Re8 Nh5 76. Rg8 Kh3 77. Rg2 Kh4 78. Rg1 Nf6 79. Kf4 Nh5+ 80. Kf3 1/2-1/2